 Dungeon Crawl Stone Soup version 0.27-a0-1456-gf5a116941d (webtiles) character file.

Game seed: 11124583885294041777

85 dolemite99 the Chopper (level 4, 0/58 HPs)
             Began as a Minotaur Abyssal Knight on July 5, 2021.
             Was a Follower of Lugonu.
             Slain by an ogre (9 damage)
             ... on level 3 of the Dungeon.
             The game lasted 00:02:44 (2956 turns).

dolemite99 the Chopper (Minotaur Abyssal Knight)    Turns: 2956, Time: 00:02:45

Health: 0/58       AC: 22    Str: 17    XL:     4   Next: 25%
Magic:  4/4        EV:  2    Int:  9    God:    Lugonu [*.....]
Gold:   126        SH:  0    Dex: 10    Spells: 3/3 levels left

rFire    . . .     SeeInvis .   a - +1 hand axe
rCold    . . .     Faith    .   (no shield)
rNeg     + + +     Spirit   .   (armour currently unavailable)
rPois    +         Reflect  .   (helmet currently unavailable)
rElec    .         Harm     .   (cloak currently unavailable)
rCorr    .         Rampage  .   (gloves currently unavailable)
Will     .....     NoTele   +   (boots currently unavailable)
Stlth    +.........             (no amulet)
HPRegen  0.19/turn              (no ring)
MPRegen  0.09/turn              (no ring)

@: tree-form
A: stationary, stasis, torment immunity, boosted hp, (horns 2), (retaliatory
headbutt)
a: Renounce Religion, Depart the Abyss


You were on level 3 of the Dungeon.
You worshipped Lugonu.
Lugonu was aware of your devotion.
You were a tree.
You visited 1 branch of the dungeon, and saw 3 of its levels.
You visited the Abyss 1 time.

You collected 126 gold pieces.

Inventory:

Hand Weapons
 a - a +1 hand axe (weapon)
 j - a +0 hunting sling
 r - a +0 hunting sling
 u - a +0 dagger of flaming
Missiles
 g - 22 stones
 l - 17 poisoned darts
 t - 12 arrows
 v - 26 sling bullets
Armour
 b - a +0 leather armour (melded)
 e - a +0 pair of boots (melded)
 p - a +0 pair of gloves (melded)
Scrolls
 f - 2 scrolls of vulnerability
 k - a scroll of fear {unknown}
 n - a scroll of teleportation {unknown}
 q - a scroll of holy word {unknown}
Potions
 i - a potion of flight {unknown}
 m - a potion of heal wounds {unknown}
 o - a potion of berserk rage {unknown}
 s - a potion of brilliance {unknown}
 w - a potion of lignification
 x - a potion of might {unknown}
 z - a potion of curing {unknown}


   Skills:
 - Level 3.6 Fighting
 + Level 5.5 Axes
 - Level 2.4 Armour
 - Level 1.1 Dodging
 - Level 1.7 Invocations


You had 3 spell levels left.
You didn't know any spells.
Your spell library contained the following spells:

 Spells                   Type           Power      Damage    Failure   Level
 Call Canine Familiar     Summ           0%         N/A       77%         3
 Portal Projectile        Hex/Tloc       0%         N/A       77%         3
 Leda's Liquefaction      Hex/Erth       0%         N/A       99%         4


Dungeon Overview and Level Annotations

Branches:
Dungeon (3/15)

Altars:


Innate Abilities, Weirdness & Mutations

You are a tree.
Your roots penetrate the ground, keeping you stationary.
You cannot be teleported.
You are immune to unholy pain and torment.
Your maximum health is greatly increased.
Your equipment is partially melded.
((You have a pair of horns on your head.))
((You reflexively headbutt those who attack you in melee.))


Message History

Your +0 leather armour melds into your body.
Your roots penetrate the ground.
The net rips apart!
The orc hits you with a +0 flail.
You hit the orc.
The orc is lightly wounded.
The orc hits you but does no damage.
You hit the orc.
The orc is moderately wounded.
The orc hits you with a +0 flail.
You hit the orc but do no damage.
The orc is moderately wounded.
The orc hits you with a +0 flail.
You hit the orc.
The orc is almost dead.
The orc hits you with a +0 flail.
You hit the orc.
You kill the orc!
Lugonu accepts your kill.
You barely miss the ogre. The ogre hits you with a +0 giant club.
You slash the ogre!
The ogre is moderately wounded.
The ogre hits you but does no damage.
You hit the ogre.
The ogre is moderately wounded.
The ogre hits you with a +0 giant club!
You hit the ogre but do no damage.
The ogre is moderately wounded.
You hit the ogre.
The ogre is moderately wounded.
The ogre hits you with a +0 giant club!
* * * LOW HITPOINT WARNING * * *
You hit the ogre.
The ogre is heavily wounded.
The ogre hits you with a +0 giant club!
* * * LOW HITPOINT WARNING * * *
Okay, then.
You hit the ogre.
The ogre is severely wounded.
The ogre hits you with a +0 giant club!
You die...

#.'.....................+.#.##
#.##8##8##8##.##8##8##8####.÷.
#.###########.########## #...
#.#.# #8.8# #### #...## ##.##
##...# ##.## #.#.# #8.8# #...#
##.## ##.## ##♣## #.# # #8O8#
#.####.####.## #........##'#
#..##...##..# #..#.....#...
#..........##. ##........#. .#
#..#........ #


You could see an ogre.

Vanquished Creatures
  3 adders (D:2)
  3 worms
  A dart slug (D:1)
  2 orcs (D:3)
  8 bats
  5 endoplasms
  2 goblins (D:1)
  4 hobgoblins
  A quokka (D:2)
  8 ball pythons
  5 frilled lizards
  3 rats
45 creatures vanquished.

Notes
Turn   | Place    | Note
-------+----------+-------------------------------------------
     0 | Abyss:1  | dolemite99 the Minotaur Abyssal Knight began the quest for
                  | the Orb.
     0 | Abyss:1  | Reached XP level 1. HP: 19/19 MP: 1/1
    98 | Abyss:1  | Noticed a bone dragon
    99 | D:1      | Escaped the Abyss
   379 | D:1      | Reached skill level 3 in Axes
   430 | D:1      | Reached XP level 2. HP: 20/26 MP: 2/2
   817 | D:1      | Found a faded altar of an unknown god.
  1209 | D:2      | Reached * piety under Lugonu
  1245 | D:2      | Reached skill level 4 in Axes
  1452 | D:2      | Reached XP level 3. HP: 30/31 MP: 3/3
  1833 | D:2      | Reached skill level 5 in Axes
  2268 | D:3      | Reached XP level 4. HP: 38/39 MP: 4/4
  2528 | D:3      | Noticed an ogre
  2956 | D:3      | Slain by an ogre

Illustrated notes

Levels and vault maps discovered:
D:1:      elethiomel_arrival_infinity_welcomes_careful_drivers, layout_basic,
          basic_ecumenical_altar, minmay_cut_off
D:2:      minmay_skewed_foursquare, layout_basic, uniq_crazy_yiuf_cottage
D:3:      layout_loops_ring, overflow_temple_1_default, dk_noncrumbling_2,
          nrook_campfire, grunt_ministairs_4, minmay_misc_feat_pillars

Skill      XL: |  1  2  3 |
---------------+----------+-----
Axes           | 3 4 5 |  5.5
Fighting       | |  3.6
Armour         | |  2.4
Dodging        | |  1.1
Invocations    | |  1.7

Action                   |  1- 3 |  4- 6 || total
-------------------------+-------+-------++-------
Melee: Hand axe          |    94 |    28 ||   122
       Headbutt          |     9 |     3 ||    12
Invok: Depart the Abyss  |     1 |       ||     1
  Use: Scroll            |       |     4 ||     4
       Potion            |       |     1 ||     1
Armor: Leather armour    |    34 |    12 ||    46
       Skin              |       |     2 ||     2
Dodge: Dodged            |    50 |    12 ||    62

Table legend: (Time is in decaauts)
 A = Elapsed time spent in this place.
 B = Non-inter-level travel time spent in this place.
 C = Inter-level travel time spent in this place.
 D = Time resting spent in this place.
 E = Time spent auto-exploring this place.
 F = Levels seen in this place.
 G = Mean time per level.
                   A        B        C        D        E       F      G
               +--------+--------+--------+--------+--------+-----+--------+
         Total |   2967 |   2775 |    192 |    338 |   1970 |   4 |  741.8 |
       Dungeon |   2868 |   2676 |    192 |    338 |   1893 |   3 |  956.0 |
         Abyss |     99 |     99 |      0 |      0 |     77 |   1 |   99.0 |
               +--------+--------+--------+--------+--------+-----+--------+

Top non-repeatable levels by time:
     D:1: 1076 daAuts
     D:2: 1064 daAuts
     D:3: 726 daAuts
 Abyss:1: 99 daAuts
